 Dungeon Crawl Stone Soup version 0.22-a0-247-gbddf880757 (webtiles) character file.

27 NooBeakApe the Ducker (level 2, -1/18 HPs)
             Began as a Deep Elf Chaos Knight on Feb 27, 2018.
             Slain by a worm (6 damage)
             ... on level 2 of the Dungeon.
             The game lasted 00:02:37 (1193 turns).

NooBeakApe the Ducker (Deep Elf Chaos Knight)       Turns: 1193, Time: 00:02:37

Health: -1/18      AC:  5    Str:  9      XL:     2   Next: 93%
Magic:  4/4        EV: 13    Int: 15 (16) God:    Xom [......]
Gold:   50         SH:  0    Dex: 14      Spells: 1/1 levels left

rFire    . . .     SeeInvis .     - Unarmed
rCold    . . .     Gourm    .   (no shield)
rNeg     . . .     Faith    .   a - +2 leather armour
rPois    .         Spirit   .   (no helmet)
rElec    .         Reflect  .   (no cloak)
rCorr    .         Harm     +   (no gloves)
MR       .....                  (no boots)
Stlth    +.........             c - amulet of harm
HPRegen  0.06/turn              (no ring)
MPRegen  0.09/turn              (no ring)

@: no status effects
A: no striking features
a: Renounce Religion


You were on level 2 of the Dungeon.
You worshipped Xom.
You were a very special plaything of Xom.
You were not hungry.

You visited 1 branch of the dungeon, and saw 2 of its levels.

You collected 50 gold pieces.

Inventory:

Armour
 a - a +2 leather armour (worn)
Jewellery
 c - an amulet of harm (around neck)
Scrolls
 d - a scroll of magic mapping {unknown}
 e - a scroll of random uselessness {unknown}
 g - a scroll of teleportation {unknown}
 i - 2 scrolls of identify {unknown}
 j - a scroll of remove curse {unknown}
Potions
 h - 3 potions of curing {unknown}
Comestibles
 b - 3 rations
 f - a chunk of flesh


   Skills:
 + Level 2.6 Fighting
 - Level 1.0 Armour
 * Level 3.3 Dodging
 + Level 2.6 Unarmed Combat
 + Level 0.1 Spellcasting


You had one spell level left.
You didn't know any spells.

Dungeon Overview and Level Annotations

Branches:
Dungeon (2/15)

Altars:


Message History

You hit the worm.
The worm is severely wounded.
The worm completely misses you.
You hit the worm.
The worm is severely wounded.
The worm closely misses you.
You hit the worm.
The worm is severely wounded.
You barely miss the worm.
The worm is severely wounded.
The worm bites you!
Ouch! That really hurt!
* * * LOW HITPOINT WARNING * * *
You hit the worm.
The worm is severely wounded.
You hit the worm but do no damage.
The worm is severely wounded.
The worm bites you.
You die... "Boring in life, boring in death..."

#. . #.# ##...#.[###.#.
#.# ##.#.#......... ##.#
.........# ##.###...
#.#.#...###...#.### #
###..............# #
#.###.....##.###...#.###
#.........##.####.###...
####...w@..........#
#.##
..............####.# #.#
###.......#### #.# #<#
##...#### #.# #.# #####
#.# #.# ..# #.# ... ..#
## ###


You could see a worm.

Vanquished Creatures
  4 bats (D:1)
  3 giant cockroaches (D:1)
  3 goblins
  4 hobgoblins (D:1)
  3 kobolds (D:1)
  A frilled lizard (D:1)
  6 rats (D:1)
24 creatures vanquished.

Notes
Turn   | Place    | Note
-------+----------+-------------------------------------------
     0 | D:1      | NooBeakApe the Deep Elf Chaos Knight began the quest for the Orb.
     0 | D:1      | Reached XP level 1. HP: 13/13 MP: 3/3
    79 | D:1      | XOM: harmless Erth miscast
   116 | D:1      | XOM: potion effect (agility)
   188 | D:1      | Reached skill level 1 in Armour
   191 | D:1      | Reached XP level 2. HP: 10/18 MP: 4/4
   364 | D:1      | Reached skill level 3 in Dodging
   763 | D:1      | XOM: mild Air miscast
  1158 | D:2      | XOM: stat loss: -1 Int (15/16)
  1193 | D:2      | Slain by a worm

Vault maps used:
D:1:      shiori_arrival_oz, kennysheep_doodads
D:2:      first_ration

Skill      XL: |  1  2 |
---------------+-------+-----
Armour         | 1 |  1.0
Dodging        | 3 |  3.3
Fighting       | |  2.6
Unarmed Combat | |  2.6
Spellcasting   | |  0.1

Action                   || total
-------------------------++-------
Melee: Unarmed           ||   117
 Stab: Sleeping          ||     4
  Eat: Chunk             ||     1
Armor: Leather armour    ||    29
Dodge: Dodged            ||    66

Table legend:
 A = Spawn XP
 B = Non-spawn XP
 C = Spawn XP percentage of total XP
 D = Spawn monster count
 E = Non-spawn monster count
 F = Spawn count percentage of total count
 G = Total turns spent on level
                    A         B        C        D         E        F      G
               +---------+---------+-------+---------+---------+-------+---------
         Total |       0 |      39 |   0.0 |       0 |      24 |   0.0 |  1193
               +---------+---------+-------+---------+---------+-------+---------
           D:1 |       0 |      37 |   0.0 |       0 |      23 |   0.0 |  1149
           D:2 |       0 |       2 |   0.0 |       0 |       1 |   0.0 |    44
               +---------+---------+-------+---------+---------+-------+---------
